 Dungeon Sprint DCSS version 0.31-a0-1068-g5939ac1fb6 (webtiles) character file.

Game seed: 2404709373512042264

63813 Conn the Eclecticist (level 15, -30/86 HPs)
             Began as an Octopode Fire Elementalist on Nov 24, 2023.
             Was the Champion of Sif Muna.
             Killed from afar by an electric golem (43 damage)
             ... with a bolt of lightning
             ... in the Dungeon (Sprint II: "The Violet Keep of Menkaure") on Nov 25, 2023.
             The game lasted 01:41:18 (6381 turns).

Conn the Eclecticist (Octopode Fire Elementalist)   Turns: 6381, Time: 01:41:18

Health: -30/86     AC:  6    Str: 14    XL:     15   Next: 10%
Magic:  19/46      EV: 21    Int: 30    God:    Sif Muna [******]
Gold:   1129       SH:  5    Dex: 13    Spells: 3/50 levels left

rFire   + + .        y - staff of fire
rCold   + . .        (no shield)
rNeg    + + .        B - +3 hat of Lesut {rPois rCorr}
rPois   +            h - amulet of reflection
rElec   .            m - +5 ring of evasion
rCorr   +            n - ring of wizardry
SInv    .            e - ring of positive energy
Will    ++...        K - ring "Lyreim" {rN+ Will+ Str+4}
Stlth   ++++++       A - ring "Eppagug" {Fly rC+ rCorr Stlth+}
HPRegen 0.34/turn    E - ring "Xupuggi" {Drain Fly rC+ Str+2 Int+6}
MPRegen 0.30/turn    F - ring "Hiestra" {MP+9 Stlth+}
                     G - ring of fire

%: no teleportation, reflection, wizardry (x1)
@: on blink cooldown, flying, very slightly contaminated
A: almost no armour, amphibious, 8 rings, camouflage 1, gelatinous body 1,
(nimble swimmer 1), tentacles, iridescent scales 1
a: Renounce Religion, Channel Magic, Forget Spell, Divine Exegesis


You were in the Dungeon.
You worshipped Sif Muna.
Sif Muna was exalted by your worship.
You visited 1 branch You collected 4517 gold pieces.
You spent 3388 gold pieces at shops.

Inventory:

Hand Weapons
 u - a +4 orcbow of flaming
 L - the +8 flail of Winter {holy, rElec rC+ Int+2 Stlth-}
   (You took it off an orc priest in the Dungeon)

   Int+2:     It affects your intelligence (+2).
   rC+:       It protects you from cold.
   rElec:     It insulates you from electricity.
   Stlth-:    It makes you less stealthy.
Armour
 c - a +2 hat
 t - an orb of light
 B - the +3 hat of Lesut (worn) {rPois rCorr}
   (You bought it in a shop in the Dungeon)

   rPois:     It protects you from poison rCorr: It protects you from acid and
   corrosion.
Magical Staves
 r - a staff of conjuration
 y - a staff of fire (weapon)
Jewellery
 e - a ring of positive energy (on tentacle)
 h - an amulet of reflection (around mantle)
 i - a ring of poison resistance
 m - a +5 ring of evasion (left tentacle)
 n - a ring of wizardry (right tentacle)
 q - an amulet of the acrobat
 w - an amulet of regeneration
 x - the amulet "Okoimergh" {RegenMP Harm rF+++ rC- Stlth+}
   (You took it off an orc sorcerer in the Dungeon)

   [amulet of magic regeneration]

   RegenMP:   It increases your rate of magic regeneration.
   rF+++:     It renders you almost immune to fire.
   rC-:       It makes you vulnerable to cold.
   Harm:      It increases damage dealt and taken.
   Stlth+:    It makes you more stealthy.
 A - the ring "Eppagug" (on tentacle) {Fly rC+ rCorr Stlth+}
   (You acquired it in the Dungeon)

   [ring of resist corrosion]

   rC+:       It protects you from cold.
   Fly:       It grants you flight.
   rCorr:     It protects you from acid and corrosion.
   Stlth+:    It makes you more stealthy.
 E - the ring "Xupuggi" (on tentacle) {Drain Fly rC+ Str+2 Int+6}
   (You bought it in a shop in the Dungeon)

   [ring of flight]

   Str+2:     It affects your strength (+2).
   Int+6:     It affects your intelligence (+6).
   rC+:       It protects you from cold.
   Fly:       It grants you flight.
   Drain:     It drains your maximum health when unequipped.
 F - the ring "Hiestra" (on tentacle) {MP+9 Stlth+}
   (You bought it in a shop in the Dungeon)

   [ring of magical power]

   MP+9:      It affects your magic capacity (+9).
   Stlth+:    It makes you more stealthy.
 G - a ring of fire (on tentacle)
 K - the ring "Lyreim" (on tentacle) {rN+ Will+ Str+4}
   (You found it in the Dungeon)

   [ring of positive energy]

   Str+4:     It affects your strength (+4).
   rN+:       It protects you from negative energy.
   Will+:     It increases your willpower.
Talismans
 p - a granite talisman
Scrolls
 f - a scroll of summoning
 k - 2 scrolls of immolation
 l - a scroll of enchant armour
 o - a scroll of torment
 D - a scroll of fear
Potions
 a - 14 potions of magic
 b - 6 potions of curing
 d - 4 potions of haste
 g - 2 potions of lignification
 j - 6 potions of enlightenment
 C - 6 potions of mutation
 H - 3 potions of heal wounds
Miscellaneous
 s - a phantom mirror
 v - a lightning rod (4/4)
 z - a phial of floods
 I - a box of beasts
 J - a tin of tremorstones (2/2)


   Skills:
 + Level 2.5 Fighting
 + Level 7.0 Dodging
 - Level 5.1 Stealth
 + Level 5.4 Shields
 - Level 1.2 Unarmed Combat
 + Level 18.3 Spellcasting
 * Level 16.3 Conjurations
 - Level 3.7 Hexes
 + Level 9.7 Summonings
 - Level 4.1 Necromancy
 + Level 2.7 Translocations
 + Level 17.6 Fire Magic
 * Level 12.7 Air Magic
 + Level 1.6 Earth Magic
 - Level 7.0 Poison Magic
 * Level 14.6 Invocations


You had 3 spell levels left.
You knew the following spells:

 Your Spells              Type           Power      Damage    Failure   Level
a - Foxfire               Conj/Fire      100%       2x1d9     0%          1
b - Scorch                Fire           100%       2d9       0%          2
c - Inner Flame           Hex/Fire       100%       N/A       1%          3
d - Summon Hydra          Summ           36%        N/A       10%         7
e - Orb of Destruction    Conj           45%        9d12      1%          7
f - Iskenderun's Mystic   Conj/Tloc      71%        2d14      1%          4
g - Mephitic Cloud        Conj/Pois/Air  79%        N/A       1%          3
h - Blink                 Tloc           86%        N/A       1%          2
i - Call Imp              Summ           100%       N/A       1%          2
j - Brom's Barrelling Bo  Conj/Erth      69%        2d8       1%          4
k - Plasma Beam           Fire/Air       66%        2x1d83    1%          6
l - Starburst             Conj/Fire      69%        6d18      1%          6

Your spell library contained the following spells:

 Spells                   Type           Power      Damage    Failure   Level
 Kiss of Death            Conj/Necr      100%       2d13      0%          1
 Magic Dart               Conj           100%       1d8       0%          1
 Shock                    Conj/Air       100%       1d9       0%          1
 Searing Ray              Conj           100%       2d8       0%          2
 Static Discharge         Conj/Air       100%       3-8/arc   0%          2
 Apportation              Tloc           86%        N/A       1%          1
 Slow                     Hex            100%       N/A       1%          1
 Ensorcelled Hibernation  Hex/Ice        76%        N/A       1%          2
 Jinxbite                 Hex            100%       N/A       1%          2
 Lesser Beckoning         Tloc           86%        N/A       1%          2
 Momentum Strike          Conj/Tloc      100%       3d10      1%          2
 Sublimation of Blood     Necr           51%        N/A       1%          2
 Wereblood                Tmut           27%        N/A       1%          2
 Call Canine Familiar     Summ           72%        N/A       1%          3
 Confusing Touch          Hex            50%        N/A       1%          3
 Dazzling Flash           Conj/Hex       100%       N/A       1%          3
 Stone Arrow              Conj/Erth      100%       3d13      1%          3
 Teleport Other           Tloc           43%        N/A       1%          3
 Tukima's Dance           Hex            50%        N/A       1%          3
 Volatile Blastmotes      Fire/Tloc      100%       2d18      1%          3
 Flame Wave               Conj/Fire      100%       2d21      0%          4
 Sticky Flame             Conj/Fire      100%       2d11      0%          4
 Anguish                  Hex/Necr       25%        N/A       1%          4
 Dispel Undead            Necr           51%        3d19      1%          4
 Fulminant Prism          Conj/Hex       36%        3d18      1%          4
 Summon Lightning Spire   Summ/Air       76%        N/A       1%          4
 Arcjolt                  Conj/Air       42%        1d52      1%          5
 Fireball                 Conj/Fire      69%        3d26      1%          5
 Freezing Cloud           Conj/Ice/Air   35%        6-21      1%          5
 Iskenderun's Battlesphe  Conj           90%        2d14      1%          5
 Silence                  Hex/Air        33%        N/A       1%          5
 Conjure Ball Lightning   Conj/Air       42%        3x3d15    1%          6
 Bombard                  Conj/Erth      34%        9d6       2%          6
 Spellforged Servitor     Conj/Summ      40%        N/A       2%          7
 Maxwell's Capacitive Co  Air            40%        ∞         21%         8
 Malign Gateway           Summ/Tloc      29%        N/A       36%         7
 Fire Storm               Conj/Fire      69%        8d17      47%         9
 Lehudib's Crystal Spear  Conj/Erth      34%        10d9      65%         8
 Enfeeble                 Hex            25%        N/A       69%         7
 Chain Lightning          Conj/Air       42%        3d56      80%         9
 Discord                  Hex            25%        N/A       100%        8
 Animate Armour           Summ/Erth      Unusable   N/A       N/A         4

Dungeon Overview and Level Annotations

Branches:
Dungeon (1/1)

Altars:
Cheibriados
Dithmenos
Elyvilon
Fedhas
Gozag
Hepliaklqana
Kikubaaqudgha
Makhleb
Nemelex Xobeh
Okawaru
Qazlal
Ru
Sif Muna
Trog
Uskayaw
Vehumet
Wu Jian
Xom
Yredelemnul
Zin
The Shining One
Jiyva
Lugonu

Shops:
D [*(:?:!![*?(=[[(=[[[:!*([*=?[=(!:[[(


Innate Abilities, Weirdness & Mutations

You cannot wear most types of armour.
You are amphibious.
You can wear up to eight rings at the same time.
Your skin changes colour to match your surroundings (Stealth+).
Your rubbery body absorbs attacks. (AC +1, EV +1)
((You are camouflaged when in or above water. (Stealth+)))
You have tentacles for arms and can constrict up to eight enemies at once.
You are partially covered in iridescent scales. (AC +2)


Message History

The death drake's fire resistance burns away.
The death drake is engulfed in blazing flames.
Flame seeps out of the death drake.
The death drake bites your nine-headed hydra!
Your nine-headed hydra bites the death drake!
Flame seeps out of the death drake.
Your nine-headed hydra barely misses the death drake. x2
Your nine-headed hydra bites the death drake but does no damage.
Your nine-headed hydra barely misses the death drake.
Your nine-headed hydra bites the death drake!
Flame seeps out of the death drake.
Your nine-headed hydra barely misses the death drake.
Your nine-headed hydra closely misses the death drake.
Your nine-headed hydra bites the death drake!
Sif Muna accepts your kill.
The death drake explodes!
The fiery explosion engulfs your nine-headed hydra!!
Your nine-headed hydra is heavily wounded.
Your nine-headed hydra disappears in a puff of smoke!
Unknown command.
Unknown command.
Unknown command.
Casting: Scorch (safe; 0% risk of failure)
Confirm with . or Enter, or press ? or * to list all spells.
Aiming: Orb of Destruction (dangerous; 1% risk of failure)
Press: ? - help, Shift-Dir - straight line, f - electric golem
Aim: an electric golem (flame)
The electric golem is engulfed in blazing flames.
Unknown command.
Casting: Orb of Destruction (dangerous; 1% risk of failure)
Confirm with . or Enter, or press ? or * to list all spells.
You blink.
The electric golem is engulfed in blazing flames.
The electric golem hurls lightning at you.
The bolt of lightning hits you!!!
Ouch! That really hurt!
* * * LOW HITPOINT WARNING * * *
The bolt of lightning hits you!!!
Ouch! That really hurt!
You die...

~§§.§§~§.##,,,,*,9▓▓▓+▓▓▓▓.▓,*,,,
§§§§§.~§..##++##,..+..○▓0..▓,,,,,
~§§§§~~..##≈...###.#.○°▓▓▓▓▓▓▓▓▓▓
#.~~.§§.##§≈.....#.#.○.▓≈≈≈≈≈≈§§▓
#''§#'§'#####....#!##°[▓▓▓▓▓▓▓▓▓▓
).).§§~..#..'....#.§#○:▓..(([.[)▓
~.##'##..#..####.#..#[°▓........▓
~##.#.##.####..'.##9#|)▓...[.(..▓
~#..#..#....#[÷#@.§####▓.[([().)▓
###...####..#####..##.#▓.)[(.[..▓
.###+###.##..#..'^.#.)#▓).......▓
..##.##...#..#).#..#..#▓...[[...▓
#.'.<.')#.'..####..##.#▓.....)[.▓
.#...##...#|...###...##▓▓▓▓▓▓▓'▓▓
.##.'###.##...§..~~~~~~~~~~~~~...
###...####~~.....~#'########○###.
~#..#..#~~~~~§~§.~#.._.....#§§○##


You could see an electric golem.

Vanquished Creatures
  the Lernaean hydra (D)
  2 golden dragons (D)
  A bone dragon (D)
  A deep elf master archer (D)
  2 sphinxes (D)
  Gastronok (D)
  A kraken (D)
  Kirke (D)
  2 storm dragons (D)
  Roxanne (D)
  A frost giant (D)
  A cacodemon (D)
  Nessos (D)
  A dire elephant (D)
  A crystal guardian (D)
  A fire dragon (D)
  A yaktaur captain (D)
  A deep elf high priest (D)
  2 hell hogs (D)
  2 boulder beetles (D)
  An iron elemental (D)
  A centaur warrior (D)
  A skeletal warrior (D)
  3 sixfirhies (D)
  A death drake (D)
  An obsidian statue (D)
  2 deep trolls (D)
  An oklob plant (D)
  An orc sorcerer (D)
  3 shining eyes (D)
  3 manticores (D)
  A merfolk siren (D)
  A toenail golem (D)
  An ice statue (D)
  An elephant (D)
  A yaktaur (D)
  A kobold demonologist (D)
  3 polar bears (D)
  A nameless horror (D)
  A hornet (D)
  2 slime creatures (D)
  12 flying skulls (D)
  5 wyverns (D)
  2 redbacks (D)
  4 neqoxecs (D)
  A vampire mosquito (D)
  Menkaure (D)
  8 water moccasins (D)
  2 swamp drakes (D)
  An earth elemental (D)
  5 necrophages (D)
  3 lava snakes (D)
  4 orc priests (D)
  An iron imp (D)
  A jelly (D)
  A spectral adder (D)
  A spectral bat (D)
  A boulder (D)
  4 tentacles (D)
113 creatures vanquished.

Vanquished Creatures (collateral kills)
  An orc warlord (D)
  A death drake (D)
  2 toenail golems (D)
  An earth elemental (D)
  2 boulders (D)
7 creatures vanquished.

Vanquished Creatures (others)
  2 orc sorcerers (D)
  A lava snake (D)
  3 boulders (D)
  115 foxfires (D)
  20 tentacles (D)
141 creatures vanquished.

Grand Total: 261 creatures vanquished

Notes
Turn   | Place    | Note
-------+----------+-------------------------------------------
     0 | D        | Conn the Octopode Fire Elementalist began the quest for the
                  | Orb.
     0 | D        | Reached XP level 1. HP: 11/11 MP: 3/3
     1 | D        | Noticed a neqoxec
     4 | D        | Noticed a necrophage
     4 | D        | Noticed a necrophage
     4 | D        | Noticed a necrophage
     4 | D        | Noticed a necrophage
    12 | D        | Killed a necrophage
    13 | D        | Reached skill level 3 in Spellcasting
    13 | D        | Reached skill level 5 in Fire Magic
    13 | D        | Reached XP level 2. HP: 17/17 MP: 1/6
    13 | D        | Reached XP level 3. HP: 21/21 MP: 1/8
    15 | D        | Killed a necrophage
    16 | D        | Reached skill level 1 in Unarmed Combat
    16 | D        | Reached skill level 4 in Spellcasting
    16 | D        | Reached XP level 4. HP: 27/27 MP: 1/10
    16 | D        | Reached XP level 5. HP: 31/31 MP: 1/12
    23 | D        | Reached skill level 5 in Spellcasting
    27 | D        | Reached skill level 5 in Stealth
    27 | D        | Reached skill level 6 in Spellcasting
    27 | D        | Reached skill level 5 in Conjurations
    27 | D        | Reached XP level 6. HP: 25/37 MP: 2/15
    33 | D        | Learned a level 2 spell: Scorch
    37 | D        | Learned a level 3 spell: Inner Flame
    42 | D        | Learned a level 4 spell: Flame Wave
    51 | D        | Noticed Roxanne
    53 | D        | Noticed a water moccasin
    53 | D        | Noticed a water moccasin
    60 | D        | Killed a water moccasin
    61 | D        | Reached skill level 1 in Fighting
    64 | D        | Found a stormy altar of Qazlal.
    65 | D        | Found a hazy altar of Hepliaklqana.
    65 | D        | Found a sacrificial altar of Ru.
    65 | D        | Found an ornate altar of the Wu Jian Council.
    66 | D        | Found a viscous altar of Jiyva.
    66 | D        | Found a shimmering blue altar of Sif Muna.
    66 | D        | Found a shimmering altar of Xom.
    67 | D        | Found a snail-covered altar of Cheibriados.
    67 | D        | Found an ancient bone altar of Kikubaaqudgha.
    67 | D        | Found a bloodstained altar of Trog.
    68 | D        | Found a shadowy altar of Dithmenos.
    68 | D        | Found a corrupted altar of Lugonu.
    69 | D        | Found a white marble altar of Elyvilon.
    69 | D        | Found a burning altar of Makhleb.
    70 | D        | Found a blossoming altar of Fedhas.
    71 | D        | Found an opulent altar of Gozag.
    71 | D        | Noticed Menkaure
    76 | D        | Killed a water moccasin
    77 | D        | Reached skill level 7 in Spellcasting
    78 | D        | Killed Menkaure
    79 | D        | Reached XP level 7. HP: 26/43 MP: 0/18
    80 | D        | Found a glowing golden altar of the Shining One.
    80 | D        | Found a basalt altar of Yredelemnul.
    80 | D        | Found a hide-covered altar of Uskayaw.
    80 | D        | Found a sparkling altar of Nemelex Xobeh.
    81 | D        | Found a glowing silver altar of Zin.
    81 | D        | Found a radiant altar of Vehumet.
    81 | D        | Found an iron altar of Okawaru.
    86 | D        | Became a worshipper of Sif Muna the Loreminder
   100 | D        | Noticed a kraken
   249 | D        | Learned a level 3 spell: Confusing Touch
   270 | D        | Reached skill level 5 in Dodging
   270 | D        | Reached skill level 8 in Spellcasting
   270 | D        | Reached skill level 1 in Hexes
   286 | D        | Reached skill level 10 in Fire Magic
   348 | D        | Reached * piety under Sif Muna
   349 | D        | Reached skill level 9 in Spellcasting
   349 | D        | Noticed a flying skull
   350 | D        | Noticed a flying skull
   350 | D        | Noticed a flying skull
   351 | D        | Noticed a flying skull
   352 | D        | Noticed a flying skull
   352 | D        | Noticed a flying skull
   386 | D        | Noticed a deep troll
   386 | D        | Noticed a deep troll
   494 | D        | Killed a deep troll
   495 | D        | Reached skill level 10 in Spellcasting
   495 | D        | Reached XP level 8. HP: 48/48 MP: 0/22
   635 | D        | Killed a deep troll
   636 | D        | Reached skill level 11 in Spellcasting
   636 | D        | Reached XP level 9. HP: 53/53 MP: 8/24
   674 | D        | Noticed an obsidian statue
   717 | D        | Noticed a yaktaur
   717 | D        | Noticed a hornet
   717 | D        | Noticed a polar bear
   718 | D        | Noticed a polar bear
   724 | D        | Killed a polar bear
   724 | D        | Killed a yaktaur
   724 | D        | Reached ** piety under Sif Muna
   724 | D        | Killed a polar bear
   724 | D        | Killed a hornet
   725 | D        | Reached skill level 13 in Spellcasting
   726 | D        | Killed a polar bear
   727 | D        | Reached skill level 1 in Shields
   888 | D        | Learned a level 4 spell: Dispel Undead
   907 | D        | Noticed a death drake
   926 | D        | Found Unoijess's Antique Armour Shoppe.
   926 | D        | Found Egut's Jewellery Emporium.
   926 | D        | Noticed Kirke
   926 | D        | Noticed a kobold demonologist
   926 | D        | Noticed a yaktaur captain
   939 | D        | Noticed a merfolk siren
   943 | D        | Killed a merfolk siren
   943 | D        | Reached *** piety under Sif Muna
   944 | D        | Reached skill level 1 in Necromancy
   944 | D        | Reached skill level 1 in Invocations
   991 | D        | Noticed a boulder beetle
   991 | D        | Noticed a boulder beetle
   998 | D        | Gained mutation: You are vulnerable to heat. (rF-) [a
                  | neqoxec]
  1000 | D        | Reached XP level 10. HP: 59/59 MP: 17/27
  1003 | D        | Gained mutation: Your magical capacity is low. (-10% MP) [a
                  | neqoxec]
  1004 | D        | Reached **** piety under Sif Muna
  1009 | D        | Reached skill level 14 in Spellcasting
  1016 | D        | Found Ceb Kuji's Distillery.
  1016 | D        | Found Xaf Gux's Assorted Antiques.
  1016 | D        | Found Uruch's Armour Shoppe.
  1016 | D        | Found Araugun's Magic Scroll Emporium.
  1016 | D        | Found Mihys's Book Shoppe.
  1016 | D        | Found Mamuts's Antique Armour Shoppe.
  1016 | D        | Found Odwouh's Jewellery Shoppe.
  1023 | D        | Found Bewuiw's Antique Armour Shoppe.
  1023 | D        | Found Veon's Jewellery Emporium.
  1026 | D        | Reached skill level 5 in Invocations
  1026 | D        | Reached XP level 11. HP: 63/63 MP: 7/26
  1028 | D        | Found Galytim's Antique Armour Emporium.
  1028 | D        | Found Zastank's Distillery.
  1028 | D        | Noticed an oklob plant
  1029 | D        | Found Oreqecut's Book Shoppe.
  1029 | D        | Found Viufen's Antique Weapon Emporium.
  1040 | D        | Noticed a manticore
  1052 | D        | Noticed a manticore
  1054 | D        | Bought an embroidered hat for 140 gold pieces
  1057 | D        | Bought a scratched bone ring for 115 gold pieces
  1059 | D        | Bought a book of Spatial Translocations for 180 gold pieces
  1059 | D        | Bought a book of Minor Magic for 180 gold pieces
  1063 | D        | Learned a level 3 spell: Mephitic Cloud
  1066 | D        | Learned a level 2 spell: Blink
  1069 | D        | Learned a level 2 spell: Call Imp
  1071 | D        | Bought a ring of poison resistance for 220 gold pieces
  1130 | D        | Bought a potion of lignification for 30 gold pieces
  1130 | D        | Bought a potion of heal wounds for 50 gold pieces
  1130 | D        | Bought a potion of curing for 30 gold pieces
  1130 | D        | Noticed a fire dragon
  1166 | D        | Killed a boulder beetle
  1172 | D        | Killed a boulder beetle
  1172 | D        | Reached ***** piety under Sif Muna
  1173 | D        | Reached skill level 10 in Conjurations
  1216 | D        | Bought a brightly glowing flail for 212 gold pieces
  1216 | D        | Identified the +1 flail "Uneumer" {heavy, *Corrode rF+
                  | Dex+2 Stlth+} (You bought it in a shop in the Dungeon)
  1272 | D        | Received a gift from Sif Muna
  1273 | D        | Reached skill level 1 in Summonings
  1273 | D        | Reached skill level 1 in Air Magic
  1273 | D        | Reached skill level 1 in Poison Magic
  1275 | D        | Reached skill level 1 in Translocations
  1294 | D        | Received a gift from Sif Muna
  1300 | D        | Got Liphur's Dissertation on the Twinkling Brume {god gift}
  1305 | D        | Got Sif Muna's Enchiridion on Kinetic Energy {god gift}
  1436 | D        | Learned a level 5 spell: Arcjolt
  1443 | D        | Learned a level 6 spell: Plasma Beam
  1593 | D        | Killed a death drake
  1659 | D        | Noticed a crystal guardian
  1869 | D        | Learned a level 7 spell: Orb of Destruction
  1874 | D        | Learned a level 4 spell: Brom's Barrelling Boulder
  1878 | D        | Noticed a centaur warrior
  1882 | D        | Killed a centaur warrior
  1883 | D        | Reached skill level 5 in Poison Magic
  1884 | D        | Killed a yaktaur captain
  1884 | D        | Noticed a skeletal warrior
  1892 | D        | Killed a skeletal warrior
  1892 | D        | Received a gift from Sif Muna
  1893 | D        | Reached XP level 12. HP: 27/70 MP: 3/27
  1900 | D        | Killed Kirke
  1901 | D        | Reached skill level 5 in Summonings
  1901 | D        | Reached skill level 15 in Fire Magic
  1901 | D        | Reached skill level 5 in Air Magic
  2280 | D        | HP: 3/70 [Roxanne/crystal spear (67)]
  2548 | D        | Received a gift from Sif Muna
  2549 | D        | Got Sif Muna's Opusculum on Space and Clouds {god gift}
  2749 | D        | Noticed an iron elemental
  2863 | D        | Noticed a cacodemon
  2864 | D        | Noticed a bone dragon
  2864 | D        | Noticed a storm dragon
  2866 | D        | Noticed a golden dragon
  3192 | D        | Noticed a sphinx
  3192 | D        | Noticed a sphinx
  3199 | D        | Killed a sphinx
  3200 | D        | Reached skill level 10 in Invocations
  3203 | D        | Killed a sphinx
  3309 | D        | Killed a kraken
  3309 | D        | Received a gift from Sif Muna
  3310 | D        | Reached skill level 1 in Earth Magic
  3310 | D        | Got Toav Heu's Folio of Star-crossed Illusion {god gift}
  3467 | D        | Learned a level 4 spell: Iskenderun's Mystic Blast
  3487 | D        | HP: 2/71 [golden dragon (29)]
  3505 | D        | Killed a golden dragon
  3506 | D        | Reached skill level 15 in Spellcasting
  3535 | D        | Killed an iron elemental
  3574 | D        | Noticed a frost giant
  3612 | D        | Killed a cacodemon
  3613 | D        | Reached XP level 13. HP: 51/76 MP: 7/29
  3743 | D        | Found Jado's Book Shoppe.
  3744 | D        | Found Qeeczyife's Distillery.
  3753 | D        | Bought a potion of mutation for 112 gold pieces
  3753 | D        | Lost mutation: You are vulnerable to heat. (rF-) [potion of
                  | mutation]
  3753 | D        | Lost mutation: Your magical capacity is low. (-10% MP)
                  | [potion of mutation]
  3753 | D        | Gained mutation: You passively map a small area around you.
                  | [potion of mutation]
  3753 | D        | Gained mutation: Your muscles are strong. (Str +4, Int/Dex
                  | -1) [potion of mutation]
  3807 | D        | Found Caadij's Armour Boutique.
  3809 | D        | Found Yqihe's Magic Scroll Shop.
  3810 | D        | Noticed Nessos
  3820 | D        | Killed Nessos
  3830 | D        | Bought a scroll of summoning for 123 gold pieces
  3830 | D        | Bought a scroll of fear for 52 gold pieces
  3860 | D        | Noticed Gastronok
  3872 | D        | Killed Gastronok
  3873 | D        | Reached skill level 16 in Spellcasting
  4028 | D        | Noticed a dire elephant
  4039 | D        | Killed a dire elephant
  4050 | D        | Identified the +1 robe of Hopscotch {rF+ rCorr}
  4050 | D        | Identified the amulet "Okoimergh" {RegenMP Harm rF+++ rC-
                  | Stlth+}
  4196 | D        | Learned a level 6 spell: Starburst
  4329 | D        | Reached XP level 14. HP: 81/81 MP: 34/34
  4527 | D        | Killed a bone dragon
  4527 | D        | Received a gift from Sif Muna
  4528 | D        | Got Jaton's Omnibus of Conjuration and the Wyrd {god gift}
  4529 | D        | Identified 2 scrolls of acquirement
  4529 | D        | Acquired the ring "Eppagug" {Fly rC+ rCorr Stlth+}
  4736 | D        | Killed a frost giant
  4737 | D        | Reached skill level 5 in Shields
  4740 | D        | Killed a storm dragon
  4741 | D        | Reached skill level 10 in Air Magic
  4773 | D        | Killed Roxanne
  4774 | D        | Reached skill level 17 in Spellcasting
  4900 | D        | Found Konliug's Weapon Boutique.
  4900 | D        | Found Riggas's Antique Armour Shoppe.
  4900 | D        | Found Pamaim's Armour Shop.
  4900 | D        | Found Sadeol's Antique Weapon Boutique.
  4900 | D        | Noticed a storm dragon
  4909 | D        | Killed a storm dragon
  4926 | D        | Bought a dazzling hat for 252 gold pieces
  4926 | D        | Identified the +3 hat of Lesut {rPois rCorr} (You bought it
                  | in a shop in the Dungeon)
  5086 | D        | Noticed a golden dragon
  5092 | D        | Killed a golden dragon
  5093 | D        | Reached skill level 15 in Conjurations
  5102 | D        | Lost mutation: Your muscles are strong. (Str +4, Int/Dex
                  | -1) [potion of mutation]
  5102 | D        | Lost mutation: You passively map a small area around you.
                  | [potion of mutation]
  5102 | D        | Gained mutation: You are partially covered in iridescent
                  | scales. (AC +2) [potion of mutation]
  5258 | D        | Found Magh's Armour Emporium.
  5258 | D        | Found Saruqoc's General Store.
  5259 | D        | Found Lesig's Book Shop.
  5259 | D        | Found Bariud's Magic Scroll Shoppe.
  5259 | D        | Found Xudouj's Antique Weapon Boutique.
  5259 | D        | Found Mutrad's Armour Emporium.
  5259 | D        | Found Wyoco's Assorted Antiques.
  5259 | D        | Found Sopiovye's Distillery.
  5259 | D        | Found Lachill's Weapon Boutique.
  5259 | D        | Found Suzoumm's Jewellery Emporium.
  5259 | D        | Found Xuarusue's Antique Armour Shop.
  5259 | D        | Found Kauzitok's Weapon Shoppe.
  5262 | D        | Acquired 1131 gold pieces
  5270 | D        | Bought a scroll labelled UJE SUKKOLAO for 26 gold pieces
  5307 | D        | Bought the ring "Xupuggi" {Drain Fly rC+ Str+2 Int+6} for
                  | 597 gold pieces
  5340 | D        | Bought the ring "Hiestra" {MP+9 Stlth+} for 327 gold pieces
  5347 | D        | Bought a ring of fire for 300 gold pieces
  5349 | D        | Bought a potion of heal wounds for 60 gold pieces
  5349 | D        | Bought a potion of heal wounds for 60 gold pieces
  5387 | D        | Noticed the 27-headed Lernaean hydra
  5572 | D        | Reached ****** piety under Sif Muna
  5572 | D        | Received a gift from Sif Muna
  5651 | D        | Noticed an orc warlord
  5674 | D        | Learned a level 7 spell: Summon Hydra
  5682 | D        | Killed an orc warlord
  5763 | D        | Received a gift from Sif Muna
  5764 | D        | Got Sif Muna's Codex of Percussion {god gift}
  5885 | D        | Killed the 27-headed Lernaean hydra
  5899 | D        | Found Batuw's General Store.
  5918 | D        | Bought the +1 long sword "Gifoli" {freeze, *Corrode rElec
                  | rN+} for 286 gold pieces
  5918 | D        | Bought a potion of curing for 36 gold pieces
  5921 | D        | Identified the +8 flail of Winter {holy, rElec rC+ Int+2
                  | Stlth-}
  5925 | D        | Identified the ring "Lyreim" {rN+ Will+ Str+4}
  6035 | D        | Reached skill level 18 in Spellcasting
  6035 | D        | Reached XP level 15. HP: 76/86 MP: 21/37
  6124 | D        | Received a gift from Sif Muna
  6125 | D        | Got Sif Muna's Excursus on Sizzling Bolts {god gift}
  6263 | D        | Noticed a deep elf master archer
  6265 | D        | Killed a deep elf master archer
  6306 | D        | Noticed an electric golem
  6381 | D        | Killed from afar by an electric golem

Illustrated notes

Levels and vault maps discovered:
D:        the_violet_keep_of_menkaure [sprint2_stairs_cluster_1,
          sprint2_shoproom, sprint2_temple, sprint2_basic_supplies,
          sprint2_obstacle_1, sprint2_obstacle_3, sprint2_obstacle_6,
          sprint2_obstacle_5, sprint2_obstacle_2, sprint2_timed_cluster_1,
          sprint2_smallroom_cluster_1, sprint2_smallroom_final_cluster_1,
          sprint2_transparent_cluster_1, sprint2_second_timed_cluster_1,
          sprint2_sniper_area_1, sprint2_heavy_combat_area_1,
          sprint2_mutation_trap_area_1, sprint2_forest_area_1,
          sprint2_light_combat_area_1, sprint2_behind_water_1,
          sprint2_near_end_vault_1]

Skill      XL: |  1  2  3  4  5  6  7  8  9 10 11 12 13 14 |
---------------+-------------------------------------------+-----
Dodging        | 3 4 5 6 7 |  7.0
Stealth        | 3 4 5 |  5.1
Spellcasting   | 3 4 6 7 10 11 13 14 15 16 18 | 18.3
Conjurations   | 3 4 5 6 7 8 9 11 13 14 16 | 16.3
Fire Magic     | 5 6 7 9 10 11 12 14 16 17 | 17.6
Unarmed Combat | 1 |  1.2
Fighting       | 1 2 |  2.5
Hexes          | 1 2 3 |  3.7
Shields        | 1 4 5 |  5.4
Necromancy     | 1 2 4 |  4.1
Invocations    | 1 5 8 11 12 14 | 14.6
Summonings     | 4 7 8 9 |  9.7
Air Magic      | 4 7 9 12 | 12.7
Poison Magic   | 5 7 |  7.0
Translocations | 1 2 |  2.7
Earth Magic    | 1 |  1.6

Action                     |  1- 3 |  4- 6 |  7- 9 | 10-12 | 13-15 || total
---------------------------+-------+-------+-------+-------+-------++-------
  Melee: Unarmed           |     6 |     9 |       |       |       ||    15
         Constrict         |     2 |     2 |       |     3 |     1 ||     8
         Tentacles         |     1 |     4 |       |     2 |     4 ||    11
         Falchion          |       |       |     1 |     1 |       ||     2
         Flail             |       |       |       |    11 |     2 ||    13
         Staff             |       |       |       |       |     8 ||     8
   Cast: Foxfire           |     2 |     4 |    29 |    25 |    14 ||    74
         Scorch            |       |     2 |    24 |    35 |    10 ||    71
         Inner Flame       |       |     1 |    12 |    17 |    10 ||    40
         Confusing Touch   |       |       |     1 |     1 |       ||     2
         Flame Wave        |       |       |       |    14 |     2 ||    16
         Plasma Beam       |       |       |       |    15 |    32 ||    47
         Call Imp          |       |       |       |     8 |     8 ||    16
         Mephitic Cloud    |       |       |       |    15 |    11 ||    26
         Blink             |       |       |       |     4 |     2 ||     6
         Orb of Destructio |       |       |       |    18 |    29 ||    47
         Brom's Barrelling |       |       |       |     6 |     1 ||     7
         Iskenderun's Myst |       |       |       |     3 |     5 ||     8
         Summon Hydra      |       |       |       |     1 |     5 ||     6
         Starburst         |       |       |       |       |     5 ||     5
 Invoke: Channel Magic     |       |       |       |     7 |     4 ||    11
         Forget Spell      |       |       |       |     3 |     1 ||     4
         Divine Exegesis   |       |       |       |     1 |       ||     1
    Use: Potion            |     1 |     1 |     4 |    10 |    12 ||    28
         Scroll            |       |       |       |     6 |     5 ||    11
   Stab: Sleeping          |       |       |       |       |     1 ||     1
         Confused          |       |       |       |       |     1 ||     1
 Armour: Skin              |     1 |     5 |    11 |    60 |    31 ||   108
  Dodge: Dodged            |     1 |     9 |    17 |    32 |    29 ||    88
  Block: Other             |       |       |     4 |    14 |     8 ||    26
         Reflection        |       |       |       |       |     1 ||     1

Table legend: (Time is in decaauts)
 A = Elapsed time spent in this place.
 B = Non-inter-level travel time spent in this place.
 C = Inter-level travel time spent in this place.
 D = Time resting spent in this place.
 E = Time spent auto-exploring this place.
 F = Levels seen in this place.
 G = Mean time per level.
                   A        B        C        D        E       F      G
               +--------+--------+--------+--------+--------+-----+--------+
         Total |   6336 |   6317 |     19 |   3621 |      0 |   1 | 6336.0 |
       Dungeon |   6336 |   6317 |     19 |   3621 |      0 |   1 | 6336.0 |
               +--------+--------+--------+--------+--------+-----+--------+

Top non-repeatable levels by time:
       D: 6336 daAuts
